 Dungeon Crawl Stone Soup version 0.18.1-5-g4a78601 (webtiles) character file.

16 M4edhros the Grave Robber (level 2, 0/17 HPs)
             Began as an Octopode Necromancer on May 11, 2016.
             Slain by an adder (2 damage)
             ... on level 3 of the Dungeon.
             The game lasted 00:01:20 (218 turns).

M4edhros the Grave Robber (Octopode Necromancer)     Turns: 218, Time: 00:01:21

Health: 0/17       AC:  1    Str:  7    XL:     2   Next: 54%
Magic:  2/5        EV: 12    Int: 17    God:
Gold:   23         SH:  0    Dex: 12    Spells: 1 memorised, 4 levels left

rFire  . . .     SeeInvis .     e - +0 hunting sling
rCold  . . .     Gourm    .     (no shield)
rNeg   . . .     Faith    .     (helmet restricted)
rPois  .         Spirit   .     (no amulet)
rElec  .         Dismiss  .     (no ring)
rCorr  .         Reflect  .     (no ring)
SustAt .         Harm     .     (no ring)
MR     .....                    (no ring)
Stlth  +++.......               (no ring)
                                (no ring)
                                (no ring)
                                (no ring)

@: not resistant to hostile enchantments, fairly stealthy
A: almost no armour, amphibious, 8 rings, constrict 8, camouflage 1, gelatinous
body 1
a: no special abilities


You were on level 3 of the Dungeon.
You were not hungry.

You visited 1 branch of the dungeon, and saw 3 of its levels.

You collected 23 gold pieces.

Inventory:

Hand Weapons
 e - a +0 hunting sling (weapon)
Missiles
 f - 16 stones
 h - 8 curare-tipped needles
 j - 14 sling bullets (quivered)
Scrolls
 i - a scroll of identify {unknown}
Potions
 c - a potion of heal wounds {unknown}
 d - a potion of degeneration {unknown}
Books
 a - a book of Necromancy

   Spells                             Type                      Level
   a - Pain                           Necromancy                   1
   b - Animate Skeleton               Necromancy                   1
   c - Vampiric Draining              Necromancy                   3
   d - Regeneration                   Charms/Necromancy            3
   e - Animate Dead                   Necromancy                   4
   f - Control Undead                 Necromancy                   4
Comestibles
 b - a bread ration
 g - a beef jerky


   Skills:
 - Level 2.0 Dodging
 - Level 2.6 Stealth
 + Level 2.1 Unarmed Combat
 - Level 2.0 Spellcasting
 - Level 4.0 Necromancy


You had 4 spell levels left.
You knew the following spells:

 Your Spells              Type           Power        Failure   Level  Hunger
a - Pain                  Necr           ###.         3%          1    #......


Dungeon Overview and Level Annotations

Branches:
Dungeon (3/15)

Altars:


Innate Abilities, Weirdness & Mutations

You cannot wear most types of armour.
You are amphibious.
You can wear up to eight rings at the same time.
You can use your tentacles to constrict eight enemies at once.
Your skin changes colour to match your surroundings (Stealth).
Your rubbery body absorbs attacks (AC +1).


Message History

The adder is heavily wounded.
Casting: Pain
Confirm with . or Enter, or press ? or * to list all spells.
Aiming: Pain
Press: ? - help, Shift-Dir - straight line, f/p - adder
Aim: an adder (heavily wounded, chance to defeat MR: 80%)
The adder convulses in agony!
Casting: Pain
Confirm with . or Enter, or press ? or * to list all spells.
Aiming: Pain
Press: ? - help, Shift-Dir - straight line, f/p - adder
Aim: an adder (severely wounded, chance to defeat MR: 80%)
The adder convulses in agony!
The adder barely misses you.
Casting: Pain
Confirm with . or Enter, or press ? or * to list all spells.
Aiming: Pain
Press: ? - help, Shift-Dir - straight line, f/p - adder
Aim: an adder (almost dead, chance to defeat MR: 80%)
The adder barely resists.
The adder bites you.
You die...

#....(... ........###
.........<# ######+#####
.........####+#..........#
.........# #.............#
.........###.............#
...###....##.............#
...###...................#
............@..###.......#
####......S...#.........#
###.####.....#.##......#
......(........#.....#.#
#.....((##.....##.#...#.#
........ .........#......
....(...#.........#......#
.......#.........#.......#
.................#.....#.#


You could see an adder.

Vanquished Creatures
  2 dart slugs
  A worm (D:3)
  2 goblins
  2 kobolds
  A bat (D:3)
  3 rats (D:1)
11 creatures vanquished.

Notes
Turn   | Place    | Note
--------------------------------------------------------------
     0 | D:1      | M4edhros the Octopode Necromancer began the quest for the Orb.
     0 | D:1      | Reached XP level 1. HP: 11/11 MP: 3/3
    77 | D:1      | Reached skill level 1 in Unarmed Combat
   107 | D:1      | Reached XP level 2. HP: 8/17 MP: 3/5
   218 | D:3      | Slain by an adder

Skill      XL: |  1  2 |
---------------+-------+-----
Unarmed Combat | 1 2 |  2.1
Dodging        | |  2.0
Stealth        | |  2.6
Spellcasting   | |  2.0
Necromancy     | |  4.0

Action                   || total
-------------------------++-------
Melee: Unarmed           ||    19
       Constrict         ||     6
       Tentacles         ||     3
 Fire: Hunting sling     ||    12
Throw: Stone             ||     1
 Cast: Pain              ||     8
 Stab: Sleeping          ||     2
Dodge: Dodged            ||     6
